 Dungeon Crawl Stone Soup version 0.26-a0-1191-ge2a0e31ab3 (webtiles) character file.

Game seed: 11369889959475679730

5704 DuloT34 the Covered (level 10, -1/79 HPs)
             Began as a Gnoll Wanderer on Dec 28, 2020.
             Was an Elder of Cheibriados.
             Slain by an orc warrior
             ... wielding a +0 long sword
              (10 damage)
             ... on level 9 of the Dungeon.
             The game lasted 00:27:44 (10187 turns).

DuloT34 the Covered (Gnoll Wanderer)               Turns: 10187, Time: 00:27:45

Health: -1/79      AC: 13    Str: 32    XL:     10   Next: 76%
Magic:  18/18      EV: 17    Int: 21    God:    Cheibriados [****..]
Gold:   464        SH:  0    Dex: 24    Spells: 20/20 levels left

rFire    . . .     SeeInvis .   a - +3 scimitar (vamp)
rCold    + . .     Faith    .   (no shield)
rNeg     . . .     Spirit   .   B - +0 steam dragon scales
rPois    +         Reflect  .   n - +2 hat
rElec    .         Harm     .   u - +0 cloak
rCorr    .         Rampage  .   N - +0 pair of gloves
Will     .....                  R - +1 pair of boots
Stlth    ++++......             U - amulet of regeneration
HPRegen  0.63/turn              Q - ring of protection from cold
MPRegen  0.16/turn              y - ring of poison resistance

@: very slow
A: distributed training, fangs 1, strong nose
a: Renounce Religion, Bend Time, Temporal Distortion, Slouch


You were on level 9 of the Dungeon.
You worshipped Cheibriados.
Cheibriados was greatly pleased with you.
You visited 2 branches of the dungeon, and saw 10 of its levels.

You collected 464 gold pieces.

Inventory:

Hand Weapons
 a - a +3 vampiric scimitar (weapon)
 b - a +0 shortbow
 s - a +0 hand crossbow
 z - a +3 dagger
Missiles
 c - 3 curare-tipped darts
 d - 25 bolts
 q - 44 poisoned darts
 E - 77 arrows
Armour
 g - a +0 scale mail
 n - a +2 hat (worn)
 u - a +0 cloak (worn)
 B - +0 steam dragon scales (worn)
 H - a +0 pair of boots
 N - a +0 pair of gloves (worn)
 R - a +1 pair of boots (worn)
Jewellery
 e - an uncursed amulet of reflection
 t - an uncursed ring of ice
 y - a ring of poison resistance (right hand)
 D - an uncursed amulet of reflection
 M - an uncursed amulet of the acrobat
 Q - a ring of protection from cold (left hand)
 U - an amulet of regeneration (around neck)
Wands
 x - a wand of iceblast (20)
 F - a wand of polymorph (4)
 O - a wand of enslavement (11)
 P - a wand of flame (22)
Scrolls
 h - 2 scrolls of amnesia
 k - a scroll of fear
 l - 4 scrolls of teleportation
 m - a scroll of enchant armour
 o - 3 scrolls of enchant weapon
 p - 2 scrolls of noise {unknown}
 r - 2 scrolls of magic mapping
 v - a scroll of identify
 A - 2 scrolls of remove curse
 C - a scroll of immolation {unknown}
 I - 2 scrolls of brand weapon {unknown}
Potions
 f - a potion of haste {unknown}
 i - 3 potions of brilliance
 j - 6 potions of flight
 w - 5 potions of attraction
 G - 2 potions of invisibility
 J - a potion of mutation {unknown}
 K - a potion of heal wounds {unknown}
 L - a potion of magic {unknown}
 T - 2 potions of might {unknown}


   Skills:
 + Level 7.3 Fighting
 + Level 5.6 Short Blades
 + Level 5.6 Long Blades
 + Level 5.6 Axes
 + Level 5.6 Maces & Flails
 + Level 5.6 Polearms
 + Level 5.6 Staves
 + Level 5.6 Slings
 + Level 7.3 Bows
 + Level 7.3 Crossbows
 + Level 6.2 Throwing
 + Level 7.3 Armour
 + Level 5.6 Dodging
 + Level 6.1 Stealth
 + Level 5.6 Shields
 + Level 5.6 Unarmed Combat
 + Level 5.6 Spellcasting
 + Level 4.6 Conjurations
 + Level 4.6 Hexes
 + Level 4.6 Summonings
 + Level 4.6 Necromancy
 + Level 4.6 Translocations
 + Level 4.6 Transmutations
 + Level 4.6 Fire Magic
 + Level 4.6 Ice Magic
 + Level 4.6 Air Magic
 + Level 4.6 Earth Magic
 + Level 4.6 Poison Magic
 + Level 6.1 Invocations
 + Level 5.6 Evocations


You had 20 spell levels left.
You didn't know any spells.
Your spell library was empty.

Dungeon Overview and Level Annotations

Branches:
Dungeon (9/15)             Temple (1/1) D:5             Orc (0/2) D:9
   Lair: D:8-11

Altars:
Cheibriados
Dithmenos
Elyvilon
Fedhas
Gozag
Hepliaklqana
Kikubaaqudgha
Makhleb
Nemelex Xobeh
Okawaru
Qazlal
Ru
Sif Muna
Trog
Uskayaw
Vehumet
Xom
Yredelemnul
Zin
The Shining One

Shops:
D:4 [


Innate Abilities, Weirdness & Mutations

Your experience applies equally to all skills.
You have very sharp teeth.
Your uncanny sense of smell can sniff out nearby items.


Message History

There is an open door here.
The ogre hits you with a +0 giant club!
* * * LOW HITPOINT WARNING * * *
You see here a quarterstaff.
The ogre closely misses you.
The gnoll sergeant seems to regain its courage.
The ogre completely misses you. The ogre closely misses you.
The orc warrior hits you with a +0 long sword!
* * * LOW HITPOINT WARNING * * *
There is an open door here.
The orc warrior hits you with a +0 long sword!
* * * LOW HITPOINT WARNING * * *
The orc warrior hits you with a +0 long sword!
* * * LOW HITPOINT WARNING * * *
There is an open door, spattered with blood here.
You feel better.
The gnoll sergeant hits you but does no damage.
The orc warrior hits you with a +0 long sword!
You die...

#.######### #.)..)o...#
#####)###.# 8g. #'### #o.o
#.).# #o.g #...#
############# #[.. #...#
#>..........# #8..
#.o.###...........# #
########..g#.@...........# #
#..........#o#...........#
####.........og.#...........#
...'..........###...........#
####..........# ###'#########
########'### #..# #...#
##'###### #.### #.......#
######.#### #.......#


You could see an orc warrior, a gnoll sergeant and an orc.

Vanquished Creatures
  Psyche (D:9)
  A troll (D:9)
  A steam dragon (D:6)
  A water moccasin (D:8)
  Duvessa (D:7)
  4 sky beasts
  2 orc warriors
  A black bear (D:7)
  8 ogres
  A phantom (D:4)
  5 centaurs
  5 big kobolds
  2 gnoll sergeants
  8 bullfrogs
  Dowan (D:7)
  A wyvern skeleton (D:6)
  2 water moccasin skeletons
  A scorpion (D:5)
  3 wights (D:6)
  2 centaur zombies
  6 orc priests
  A centaur skeleton (D:5)
  2 jellies
  6 hounds
  A bullfrog skeleton (D:8)
  7 orc wizards
  7 worker ants
  5 iguanas
  A worker ant zombie (D:7)
  15 gnolls
  7 adders
  A shadow imp (D:7)
  A white imp (D:5)
  3 ufetubi
  2 adder skeletons
  An adder zombie (D:6)
  5 worms
  2 dart slugs (D:3)
  3 leopard geckos
  41 orcs
  4 bats
  2 giant cockroaches (D:4)
  7 goblins
  4 hobgoblins
  10 jackals
  11 kobolds
  11 quokkas
  A ball python (D:3)
  3 frilled lizards
  A giant cockroach zombie (D:6)
  A leopard gecko zombie (D:5)
  A quokka skeleton (D:4)
  A quokka zombie (D:8)
  12 rats
237 creatures vanquished.

Notes
Turn   | Place    | Note
-------+----------+-------------------------------------------
     0 | D:1      | DuloT34 the Gnoll Wanderer began the quest for the Orb.
     0 | D:1      | DuloT34 set off with the following items: a +2 dagger, 3
                  | curare-tipped darts, a +0 hand crossbow, 23 bolts, a potion
                  | of curing, a +0 robe
     0 | D:1      | Reached XP level 1. HP: 20/20 MP: 1/1
   240 | D:1      | Reached XP level 2. HP: 26/26 MP: 2/2
   967 | D:2      | Reached XP level 3. HP: 31/31 MP: 3/3
  1026 | D:2      | Reached skill level 1 in Invocations
  1053 | D:2      | Reached skill level 1 in Short Blades
  1053 | D:2      | Reached skill level 1 in Long Blades
  1053 | D:2      | Reached skill level 1 in Axes
  1053 | D:2      | Reached skill level 1 in Maces & Flails
  1053 | D:2      | Reached skill level 1 in Polearms
  1053 | D:2      | Reached skill level 1 in Staves
  1053 | D:2      | Reached skill level 1 in Slings
  1053 | D:2      | Reached skill level 1 in Dodging
  1053 | D:2      | Reached skill level 1 in Shields
  1053 | D:2      | Reached skill level 1 in Unarmed Combat
  1053 | D:2      | Reached skill level 1 in Spellcasting
  1053 | D:2      | Reached skill level 1 in Evocations
  1348 | D:2      | You fall into a shaft and drop 1 floor!
  1362 | D:2      | Reached XP level 4. HP: 9/38 MP: 5/5
  1736 | D:2      | Reached skill level 1 in Conjurations
  1736 | D:2      | Reached skill level 1 in Hexes
  1736 | D:2      | Reached skill level 1 in Summonings
  1736 | D:2      | Reached skill level 1 in Necromancy
  1736 | D:2      | Reached skill level 1 in Translocations
  1736 | D:2      | Reached skill level 1 in Transmutations
  1736 | D:2      | Reached skill level 1 in Fire Magic
  1736 | D:2      | Reached skill level 1 in Ice Magic
  1736 | D:2      | Reached skill level 1 in Air Magic
  1736 | D:2      | Reached skill level 1 in Earth Magic
  1736 | D:2      | Reached skill level 1 in Poison Magic
  2143 | D:2      | Found a glowing silver altar of Zin.
  2343 | D:3      | Reached XP level 5. HP: 43/43 MP: 5/7
  2949 | D:3      | Reached XP level 6. HP: 50/50 MP: 8/8
  3761 | D:4      | Reached skill level 5 in Fighting
  3761 | D:4      | Reached skill level 5 in Bows
  3761 | D:4      | Reached skill level 5 in Crossbows
  3761 | D:4      | Reached skill level 5 in Armour
  3789 | D:4      | Found Dicoi's Armour Shoppe.
  4315 | D:4      | Noticed a phantom
  4354 | D:4      | Killed a phantom
  4355 | D:4      | Reached XP level 7. HP: 21/56 MP: 10/10
  4980 | D:5      | Entered Level 5 of the Dungeon
  5134 | D:5      | Found a staircase to the Ecumenical Temple.
  5143 | Temple   | Entered the Ecumenical Temple
  5197 | Temple   | Became a worshipper of Cheibriados the Contemplative
  5437 | D:5      | Reached XP level 8. HP: 32/63 MP: 12/12
  5829 | D:5      | Noticed a +0 hand axe
  5830 | D:5      | Noticed a +0 hand axe
  5834 | D:5      | Found a hide-covered altar of Uskayaw.
  6488 | D:6      | HP: 3/63 [orc priest/divine providence (12)]
  7230 | D:6      | Reached * piety under Cheibriados
  7732 | D:6      | Reached ** piety under Cheibriados
  7739 | D:6      | Reached XP level 9. HP: 68/69 MP: 14/14
  7999 | D:6      | Found a sacrificial altar of Ru.
  8268 | D:7      | Found a hazy altar of Hepliaklqana.
  8269 | D:7      | Found a shimmering altar of Xom.
  8270 | D:7      | Noticed a spectral ugly thing
  8344 | D:7      | Reached skill level 5 in Throwing
  8567 | D:7      | Reached skill level 5 in Stealth
  8681 | D:7      | Reached *** piety under Cheibriados
  8704 | D:7      | Reached skill level 5 in Invocations
  8739 | D:7      | Noticed Duvessa
  8741 | D:7      | Noticed Dowan
  8750 | D:7      | Killed Duvessa
  8758 | D:7      | Killed Dowan
  8862 | D:7      | Reached XP level 10. HP: 59/77 MP: 17/17
  9168 | D:8      | Reached skill level 5 in Short Blades
  9168 | D:8      | Reached skill level 5 in Long Blades
  9168 | D:8      | Reached skill level 5 in Axes
  9168 | D:8      | Reached skill level 5 in Maces & Flails
  9168 | D:8      | Reached skill level 5 in Polearms
  9168 | D:8      | Reached skill level 5 in Staves
  9168 | D:8      | Reached skill level 5 in Slings
  9168 | D:8      | Reached skill level 5 in Dodging
  9168 | D:8      | Reached skill level 5 in Shields
  9168 | D:8      | Reached skill level 5 in Unarmed Combat
  9168 | D:8      | Reached skill level 5 in Spellcasting
  9168 | D:8      | Reached skill level 5 in Evocations
  9181 | D:8      | Found a blossoming altar of Fedhas.
  9182 | D:8      | Found an ancient bone altar of Kikubaaqudgha.
  9183 | D:8      | Found a burning altar of Makhleb.
  9183 | D:8      | Found a stormy altar of Qazlal.
  9379 | D:8      | Reached **** piety under Cheibriados
  9778 | D:9      | Found an iron altar of Okawaru.
  9897 | D:9      | Noticed Psyche
  9908 | D:9      | Killed Psyche
 10130 | D:9      | Found a staircase to the Orcish Mines.
 10186 | D:9      | HP: 2/79 [orc warrior/+0 long sword (10)]
 10187 | D:9      | Slain by an orc warrior

Illustrated notes

Levels and vault maps discovered:
D:1:      dpeg_arrival_renting, layout_basic
D:2:      layout_loops_ring, lemuel_coloured_pillars_altar,
          kennysheep_generic_room_12
D:3:      layout_rooms
D:4:      layout_gridville, serial_shops, shop_fountains
D:5:      layout_loops_cross, dancing_weapons_uskayaw, minmay_temple_entry_tees,
          minmay_increasing_density
D:6:      layout_loops_ring, kennysheep_little_box, minmay_starry_boxes
D:7:      layout_gridville, regret_index_temple_of_mockery, uniq_duvessa
D:8:      layout_loops_ring, chequers_temple_overflow_statue_of_worship
D:9:      layout_roguey, amethyst_overflow_temple_binary, okawaru_gym_becter,
          kennysheep_orc_monster_closet_entryway, uniq_psyche
Temple:   zaba_magenta_temple

Skill      XL: |  1  2  3  4  5  6  7  8  9 10 |
---------------+-------------------------------+-----
Invocations    | 1 2 3 4 5 6 |  6.1
Short Blades   | 1 2 3 4 5 |  5.6
Long Blades    | 1 2 3 4 5 |  5.6
Axes           | 1 2 3 4 5 |  5.6
Maces & Flails | 1 2 3 4 5 |  5.6
Polearms       | 1 2 3 4 5 |  5.6
Staves         | 1 2 3 4 5 |  5.6
Slings         | 1 2 3 4 5 |  5.6
Dodging        | 1 2 3 4 5 |  5.6
Shields        | 1 2 3 4 5 |  5.6
Unarmed Combat | 1 2 3 4 5 |  5.6
Spellcasting   | 1 2 3 4 5 |  5.6
Evocations     | 1 2 3 4 5 |  5.6
Conjurations   | 1 2 3 4 |  4.6
Hexes          | 1 2 3 4 |  4.6
Summonings     | 1 2 3 4 |  4.6
Necromancy     | 1 2 3 4 |  4.6
Translocations | 1 2 3 4 |  4.6
Transmutations | 1 2 3 4 |  4.6
Fire Magic     | 1 2 3 4 |  4.6
Ice Magic      | 1 2 3 4 |  4.6
Air Magic      | 1 2 3 4 |  4.6
Earth Magic    | 1 2 3 4 |  4.6
Poison Magic   | 1 2 3 4 |  4.6
Throwing       | 3 4 5 6 |  6.2
Stealth        | 3 4 5 6 |  6.1
Fighting       | 5 6 7 |  7.3
Bows           | 5 6 7 |  7.3
Crossbows      | 5 6 7 |  7.3
Armour         | 5 6 7 |  7.3

Action                   |  1- 3 |  4- 6 |  7- 9 | 10-12 || total
-------------------------+-------+-------+-------+-------++-------
Melee: Dagger            |    34 |   177 |   152 |       ||   363
       Bite              |     5 |    23 |    44 |    28 ||   100
       Hand crossbow     |       |     1 |       |       ||     1
       Punch             |       |       |    13 |     8 ||    21
       Scimitar          |       |       |   127 |   105 ||   232
 Fire: Hand crossbow     |    36 |    62 |   101 |       ||   199
       Shortbow          |       |       |    22 |    30 ||    52
  Use: Scroll            |     1 |     9 |     8 |     7 ||    25
       Potion            |       |       |     2 |     1 ||     3
 Stab: Sleeping          |     2 |       |       |     5 ||     7
Armor: Robe              |     5 |       |       |       ||     5
       Scale mail        |       |   108 |    76 |       ||   184
       Steam dragon scal |       |       |    50 |    46 ||    96
Dodge: Dodged            |    18 |   115 |   220 |   129 ||   482
Block: Other             |       |       |       |     8 ||     8
       Rpst.: Scimitar   |       |       |    38 |    25 ||    63

Table legend: (Time is in decaauts)
 A = Elapsed time spent in this place.
 B = Non-inter-level travel time spent in this place.
 C = Inter-level travel time spent in this place.
 D = Time resting spent in this place.
 E = Time spent auto-exploring this place.
 F = Levels seen in this place.
 G = Mean time per level.
                   A        B        C        D        E       F      G
               +--------+--------+--------+--------+--------+-----+--------+
         Total |  11394 |  11063 |    331 |   2937 |   6096 |  10 | 1139.4 |
       Dungeon |  11322 |  11007 |    315 |   2937 |   6051 |   9 | 1258.0 |
        Temple |     71 |     55 |     16 |      0 |     45 |   1 |   71.0 |
               +--------+--------+--------+--------+--------+-----+--------+

Top non-repeatable levels by time:
     D:2: 1950 daAuts
     D:6: 1870 daAuts
     D:5: 1687 daAuts
     D:4: 1313 daAuts
     D:8: 1111 daAuts
     D:7: 1056 daAuts
     D:1: 873 daAuts
     D:3: 827 daAuts
     D:9: 632 daAuts
  Temple: 71 daAuts
